Workbook

Sheet Itinerary
A1: Date | B1: Time | C1: Departure/Arrival | D1: Location | E1: Check-in | F1: Check-out | G1: Accomodation
A2: Day 1 | C2: Departure | D2: Home
A3: Day 2 | C3: Arrival | D3: Seoul
A4: Day 2 | C4: Overnight Trip | D4: Seoul | G4: Le Seoul Hotel - 56 Namdaemun-ro 1-gil, Jung-gu, Seoul, 04526 South Korea
A5: Day 3 | C5: Overnight Trip | D5: Seoul | G5: Le Seoul Hotel - 56 Namdaemun-ro 1-gil, Jung-gu, Seoul, 04526 South Korea
A6: Day 4 | C6: Overnight Trip | D6: Seoul | G6: Le Seoul Hotel - 56 Namdaemun-ro 1-gil, Jung-gu, Seoul, 04526 South Korea
A7: Day 5 | C7: Overnight Trip | D7: Chuncheon | G7: Sangsangmadang Chuncheon Stay Hotel - 22, Sports town-gil 399beon-gil, Chuncheon, Gangwon, 200-200 South Korea
A8: Day 6 | C8: Overnight Trip | D8: Gyeongju | G8: Gyeongju Hwangnamkwan Hanok Hotel - 1038, Poseok-ro, Gyeongju, North Gyeongsang, 780-080, South Korea
A9: Day 7 | C9: Overnight Trip | D9: Gyeongju | G9: Gyeongju Hwangnamkwan Hanok Hotel - 1038, Poseok-ro, Gyeongju, North Gyeongsang, 780-080, South Korea
A10: Day 8 | C10: Overnight Trip | D10: Busan | G10: Airbnb (Seomyeon)
A11: Day 9 | C11: Overnight Trip | D11: Busan | G11: Airbnb (Seomyeon)
A12: Day 10 | C12: Overnight Trip | D12: Busan | G12: Airbnb (Seomyeon)
A13: Day 11 | C13: Overnight Trip | D13: Suncheon | G13: Airbnb (Suncheon)
A14: Day 12 | C14: Overnight Trip | D14: Suncheon | G14: Airbnb (Suncheon)
A15: Day 13 | C15: Overnight Trip | D15: Jeonju | G15: The Mumum - 26-25, Choemyeonghui-gil, Wansan-gu, Jeonju, North Jeolla, 55042 South Korea
... A17: Day 15 | C17: Overnight Trip | D17: Seoul | G17: Hotel Cappuccino - 155, Bongeunsa-ro, Gangnam-gu, Seoul, 06122 South Korea
A18: Day 16 | C18: Departure | D18: Seoul
A19: Day 16 | C19: Arrival | D19: Home

Sheet Korea
B1: $CAD
A2: Budget | B2: 8000 | C2: *Budget based on 2 people
A3: Total Forecast (Activities + Food) | B3: =I250 -> 7517.5
A4: $ Available | B4: =B2-B3 -> 482.5
A5: $ Actual Spent | B5: =K250 -> 0
G6: *This column shows cost which can use T-Money Card. This is to identify how much to load on to T-Money Card.
A7: Day | B7: Date | C7: Time | D7: Activity | E7: Category | F7: Travel Time | G7: Transit Cost (Won) | H7: Forecast Cost (Won) | I7: Forecast Cost ($CAD) | J7: Actual Cost (Won) | K7: Actual Cost ($CAD) | L7: Notes
A8: 1 | B8: Insert First Date of Trip Here | C8: 0.33333333 | I8: =Korea!$H8*0.001 -> 0 | K8: =Korea!$J8*0.001 -> 0
A9: =$A$8 -> 1 | B9: =B8 -> Insert First Date of Trip Here | C9: 0.375 | I9: =Korea!$H9*0.001 -> 0 | K9: =Korea!$J9*0.001 -> 0
A10: =$A$8 -> 1 | B10: =B9 -> Insert First Date of Trip Here | C10: 0.41666667 | I10: =Korea!$H10*0.001 -> 0 | K10: =Korea!$J10*0.001 -> 0
A11: =$A$8 -> 1 | B11: =B10 -> Insert First Date of Trip Here | C11: 0.45833333 | I11: =Korea!$H11*0.001 -> 0 | K11: =Korea!$J11*0.001 -> 0
A12: =$A$8 -> 1 | B12: =B11 -> Insert First Date of Trip Here | C12: 0.5 | I12: =Korea!$H12*0.001 -> 0 | K12: =Korea!$J12*0.001 -> 0
A13: =$A$8 -> 1 | B13: =B12 -> Insert First Date of Trip Here | C13: 0.54166667 | I13: =Korea!$H13*0.001 -> 0 | K13: =Korea!$J13*0.001 -> 0
A14: =$A$8 -> 1 | B14: =B13 -> Insert First Date of Trip Here | C14: 0.58333333 | D14: Flight to Seoul | E14: Travel | H14: =I14/0.001 -> 3500000 | I14: 3500
A15: =$A$8 -> 1 | B15: =B14 -> Insert First Date of Trip Here | C15: 0.625 | D15: eSIM KT | E15: Travel | H15: 55000 | I15: =Korea!$H15*0.001 -> 55 | K15: =Korea!$J15*0.001 -> 0 | L15: KT Esim
A16: =$A$8 -> 1 | B16: =B15 -> Insert First Date of Trip Here | C16: 0.66666667 | I16: =Korea!$H16*0.001 -> 0 | K16: =Korea!$J16*0.001 -> 0
A17: =$A$8 -> 1 | B17: =B16 -> Insert First Date of Trip Here | C17: 0.70833333 | I17: =Korea!$H17*0.001 -> 0 | K17: =Korea!$J17*0.001 -> 0
A18: =$A$8 -> 1 | B18: =B17 -> Insert First Date of Trip Here | C18: 0.75 | I18: =Korea!$H18*0.001 -> 0 | K18: =Korea!$J18*0.001 -> 0
A19: =$A$8 -> 1 | B19: =B18 -> Insert First Date of Trip Here | C19: 0.79166667 | I19: =Korea!$H19*0.001 -> 0 | K19: =Korea!$J19*0.001 -> 0
A20: =$A$8 -> 1 | B20: =B19 -> Insert First Date of Trip Here | C20: 0.83333333 | I20: =Korea!$H20*0.001 -> 0 | K20: =Korea!$J20*0.001 -> 0
A21: =$A$8 -> 1 | B21: =B20 -> Insert First Date of Trip Here | C21: 0.875 | I21: =Korea!$H21*0.001 -> 0 | K21: =Korea!$J21*0.001 -> 0
A22: =$A$8 -> 1 | B22: =B21 -> Insert First Date of Trip Here | C22: 0.91666667 | H22: 0 | I22: =H22*0.001 -> 0 | J22: 0 | K22: =J22*0.001 -> 0
A23: =$A$8+1 -> 2 | B23: =B8+1 -> #VALUE! | C23: 0.33333333 | I23: =Korea!$H23*0.001 -> 0 | K23: =Korea!$J23*0.001 -> 0
A24: =$A$8+1 -> 2 | B24: =B23 -> #VALUE! | C24: 0.375 | I24: =Korea!$H24*0.001 -> 0 | K24: =Korea!$J24*0.001 -> 0
A25: =$A$8+1 -> 2 | B25: =B24 -> #VALUE! | C25: 0.41666667 | I25: =Korea!$H25*0.001 -> 0 | K25: =Korea!$J25*0.001 -> 0
A26: =$A$8+1 -> 2 | B26: =B25 -> #VALUE! | C26: 0.45833333 | I26: =Korea!$H26*0.001 -> 0 | K26: =Korea!$J26*0.001 -> 0
A27: =$A$8+1 -> 2 | B27: =B26 -> #VALUE! | C27: 0.5 | I27: =Korea!$H27*0.001 -> 0 | K27: =Korea!$J27*0.001 -> 0
A28: =$A$8+1 -> 2 | B28: =B27 -> #VALUE! | C28: 0.54166667 | I28: =Korea!$H28*0.001 -> 0 | K28: =Korea!$J28*0.001 -> 0
A29: =$A$8+1 -> 2 | B29: =B28 -> #VALUE! | C29: 0.58333333 | H29: 0 | I29: =Korea!$H29*0.001 -> 0 | K29: =Korea!$J29*0.001 -> 0
A30: =$A$8+1 -> 2 | B30: =B29 -> #VALUE! | C30: 0.625 | I30: =Korea!$H30*0.001 -> 0 | K30: =Korea!$J30*0.001 -> 0
A31: =$A$8+1 -> 2 | B31: =B30 -> #VALUE! | C31: 0.66666667 | I31: =Korea!$H31*0.001 -> 0 | K31: =Korea!$J31*0.001 -> 0
A32: =$A$8+1 -> 2 | B32: =B31 -> #VALUE! | C32: 0.70833333 | D32: Arrive in Seoul | E32: Travel | H32: 0 | I32: =Korea!$H32*0.001 -> 0 | K32: =Korea!$J32*0.001 -> 0
A33: =$A$8+1 -> 2 | B33: =B32 -> #VALUE! | C33: 0.75 | D33: Check in at Hotel | E33: Accomodation | F33: 1hour 26min transit | G33: =4750*2 -> 9500 | H33: 0 | I33: =Korea!$H33*0.001 -> 0 | K33: =Korea!$J33*0.001 -> 0
A34: =$A$8+1 -> 2 | B34: =B33 -> #VALUE! | C34: 0.79166667 | D34: Dinner Bokchon Son Tofu (10am-9pm) | E34: Food | F34: 15min walk | H34: 30000 | I34: =Korea!$H34*0.001 -> 30 | K34: =Korea!$J34*0.001 -> 0
A35: =$A$8+1 -> 2 | B35: =B34 -> #VALUE! | C35: 0.83333333 | D35: HBAF Almond Store (11am-11pm) —> Myeongdong Walking Street (Street Food - Japchae, 10cent bread) | E35: Activity | F35: 1min walk | H35: 20000 | I35: =Korea!$H35*0.001 -> 20 | K35: =Korea!$J35*0.001 -> 0
A36: =$A$8+1 -> 2 | B36: =B35 -> #VALUE! | C36: 0.875 | D36: Hotel/Airbnb (Seoul) | E36: Accomodation | F36: 15min walk | H36: 140000 | I36: =Korea!$H36*0.001 -> 140 | K36: =Korea!$J36*0.001 -> 0 | L36: Le Seoul Hotel 르서울호텔 - 56 Namdaemun-ro 1-gil, Jung-gu, Seoul, 04526 South Korea
A37: =$A$8+1 -> 2 | B37: =B36 -> #VALUE! | C37: 0.91666667 | D37: Transit | E37: Travel | H37: 66000 | I37: =Korea!$H37*0.001 -> 66 | K37: =Korea!$J37*0.001 -> 0 | L37: Pick-up T-Money Card at GS25 Airport - Load 30000 won/person + 3000won/person for card
A38: =$A$8+2 -> 3 | B38: =B23+1 -> #VALUE! | C38: 0.33333333 | D38: Breakfast Convenience Store (GS25 or 7-Eleven or CU) | E38: Food | F38: 2min walk | H38: 10000 | I38: =Korea!$H38*0.001 -> 10 | K38: =Korea!$J38*0.001 -> 0
A39: =$A$8+2 -> 3 | B39: =B38 -> #VALUE! | C39: 0.375 | D39: Deoksugung Palace (9am-9pm, Closed Monday) | E39: Activity | F39: 8min walk | H39: 20000 | I39: =Korea!$H39*0.001 -> 20 | K39: =Korea!$J39*0.001 -> 0 | L39: 1000won/adult; combination ticket 10000won/adult for Deoksugung Palace, Changdeokgung + Garden, Changgyeonggung, Gyeongbokgung, and Jonmyo Shrine.
A40: =$A$8+2 -> 3 | B40: =B39 -> #VALUE! | C40: 0.41666667 | D40: Cheonggyecheon Stream --> Gyeongbokgung Palace (19min walk) (9am-6pm, Closed Tuesday) | E40: Activity | F40: 14min walk | H40: 0 | I40: =Korea!$H40*0.001 -> 0 | K40: =Korea!$J40*0.001 -> 0 | L40: 3000won/adult for Gyeongbokgung Palace; admission included in Combination Palace Ticket
A41: =$A$8+2 -> 3 | B41: =B40 -> #VALUE! | C41: 0.45833333 | D41: National Folk Museum (9am-6:30pm) | E41: Activity | F41: 5min walk | H41: 0 | I41: =Korea!$H41*0.001 -> 0 | K41: =Korea!$J41*0.001 -> 0 | L41: Free Admission
A42: =$A$8+2 -> 3 | B42: =B41 -> #VALUE! | C42: 0.5 | D42: Lunch at Gwangjang Market (Buchon Yukhoe (10am-4pm, 5-9:30pm), Knife cut Noodle Lady, mung bean pancakes, sikhye drink and raw crab lady from Netflix!) | E42: Food | F42: 42min transit | G42: =1500*2 -> 3000 | H42: 40000 | I42: =Korea!$H42*0.001 -> 40 | K42: =Korea!$J42*0.001 -> 0
A43: =$A$8+2 -> 3 | B43: =B42 -> #VALUE! | C43: 0.54166667 | D43: Jongmyo Shrine (9am-6pm, Closed Tuesday) - Guided tour required to enter (10:00, 12:00, 14:00, or 16:00) | E43: Activity | F43: 18min walk | H43: 0 | I43: =Korea!$H43*0.001 -> 0 | K43: =Korea!$J43*0.001 -> 0 | L43: 1000won/adult; admission included in Combination Palace Ticket
A44: =$A$8+2 -> 3 | B44: =B43 -> #VALUE! | C44: 0.58333333 | D44: Changgyeonggung Palace (9am-6pm, Closed Mondays) | E44: Activity | F44: 28min walk | H44: 0 | I44: =Korea!$H44*0.001 -> 0 | K44: =Korea!$J44*0.001 -> 0 | L44: 1000won/adult; admission included in Combination Palace Ticket
A45: =$A$8+2 -> 3 | B45: =B44 -> #VALUE! | C45: 0.625 | D45: Changdeokgung + Secret Garden (9am-6pm, Closed Monday) (Note Secret Garden has limited spots and needs to be reserved; reservations open 6 days in advance - 10:30, 11:30, 14:30, or 15:30) | E45: Activity | F45: 7min walk | H45: 0 | I45: =Korea!$H45*0.001 -> 0 | K45: =Korea!$J45*0.001 -> 0 | L45: 8000won/adult, admission included in Combination Palace Ticket. Must make reservation for Secret Garden: https://ticket.uforus.co.kr/web/main?shopEncode=
A46: =$A$8+2 -> 3 | B46: =B45 -> #VALUE! | C46: 0.66666667 | D46: Bukchon Hanok Village —> The Sool Gallery (10am-7pm) (7min walk) | E46: Activity | F46: 16min walk | H46: 0 | I46: =Korea!$H46*0.001 -> 0 | K46: =Korea!$J46*0.001 -> 0 | L46: Make reservation to the Sool Gallery (Tasting is free) - https://booking.naver.com/booking/12/bizes/142806/items/4569341?area=bnihttps://booking.naver.com/booking/12/bizes/142806/items/4569341?area=bni
A47: =$A$8+2 -> 3 | B47: =B46 -> #VALUE! | C47: 0.70833333 | D47: Ssamzigil Shopping Mall (10:30am-8:30pm) --> Insadong Cultural Street (3min walk) | E47: Activity | F47: 10min walk | H47: 0 | I47: =Korea!$H47*0.001 -> 0 | K47: =Korea!$J47*0.001 -> 0
A48: =$A$8+2 -> 3 | B48: =B47 -> #VALUE! | C48: 0.75 | D48: Dinner Doma Insadong (11:30am-3pm, 5-8:50pm (Sot Bap)), or Oncheonjib (11:30am-3pm, 5-9:30pm) or Okeunnae 5 Dakgalbi Insadong (11:30am-10:30pm) | E48: Food | F48: 1min walk | H48: 45000 | I48: =Korea!$H48*0.001 -> 45 | K48: =Korea!$J48*0.001 -> 0
A49: =$A$8+2 -> 3 | B49: =B48 -> #VALUE! | C49: 0.79166667 | D49: Ikseon-dong Hanok Street (Ikseon Goro Ice Cream (11am-10pm) or Cheong Su Dang Dessert (11:30am-10pm)) | E49: Activity | F49: 8min walk | H49: 20000 | I49: =Korea!$H49*0.001 -> 20 | K49: =Korea!$J49*0.001 -> 0 | L49: 35-7 Dongho-ro 24-gil, Jung-gu, Seoul, South Korea
A50: =$A$8+2 -> 3 | B50: =B49 -> #VALUE! | C50: 0.83333333 | I50: =Korea!$H50*0.001 -> 0 | K50: =Korea!$J50*0.001 -> 0
A51: =$A$8+2 -> 3 | B51: =B50 -> #VALUE! | C51: 0.875 | D51: Hotel/Airbnb (Seoul) | E51: Accomodation | F51: 22min transit | G51: =1400*2 -> 2800 | H51: 140000 | I51: =Korea!$H51*0.001 -> 140 | K51: =Korea!$J51*0.001 -> 0 | L51: Le Seoul Hotel 르서울호텔 - 56 Namdaemun-ro 1-gil, Jung-gu, Seoul, 04526 South Korea
A52: =$A$8+2 -> 3 | B52: =B51 -> #VALUE! | C52: 0.91666667 | D52: Transit | E52: Travel | H52: 0 | I52: =Korea!$H52*0.001 -> 0 | K52: =Korea!$J52*0.001 -> 0
A53: =$A$8+3 -> 4 | B53: =B38+1 -> #VALUE! | C53: 0.33333333 | D53: Breakfast Miseong-og for ox bone soup/seolleongtang (6am-9pm) OR Convenience store | E53: Food | F53: 12min walk | H53: 25000 | I53: =Korea!$H53*0.001 -> 25 | K53: =Korea!$J53*0.001 -> 0
A54: =$A$8+3 -> 4 | B54: =B53 -> #VALUE! | C54: 0.375 | D54: Start Hike at Changuimun Gate | E54: Activity | F54: 23min transit | G54: =1200*2 -> 2400 | H54: 0 | I54: =Korea!$H54*0.001 -> 0 | K54: =Korea!$J54*0.001 -> 0
A55: =$A$8+3 -> 4 | B55: =B54 -> #VALUE! | C55: 0.41666667 | D55: Hike Inwangsan Mountain | E55: Activity | F55: 45min hike | H55: 0 | I55: =Korea!$H55*0.001 -> 0 | K55: =Korea!$J55*0.001 -> 0
A56: =$A$8+3 -> 4 | B56: =B55 -> #VALUE! | C56: 0.45833333 | D56: End Hike at Dongnimmun Station | E56: Activity | F56: 30min hike | H56: 0 | I56: =Korea!$H56*0.001 -> 0 | K56: =Korea!$J56*0.001 -> 0
A57: =$A$8+3 -> 4 | B57: =B56 -> #VALUE! | C57: 0.5 | D57: Lunch ((Jinmi Sikdang (Mon-Sat 12-3:30pm, 5-8pm) or 아구랑꽃게랑 (12-10pm))(Raw Crab) or Onsuban (11am-3pm, 5-10pm)(Noodles)) or 24/7 ramen | E57: Food | F57: 15min transit | G57: =1250*2 -> 2500 | H57: 25000 | I57: =Korea!$H57*0.001 -> 25 | K57: =Korea!$J57*0.001 -> 0
A58: =$A$8+3 -> 4 | B58: =B57 -> #VALUE! | C58: 0.54166667 | D58: Namsangol Hanok Village (9am-8pm) | E58: Activity | F58: 3min walk | H58: 0 | I58: =Korea!$H58*0.001 -> 0 | K58: =Korea!$J58*0.001 -> 0
A59: =$A$8+3 -> 4 | B59: =B58 -> #VALUE! | C59: 0.58333333 | D59: Namsan Mountain Park --> N Seoul Tower (10am-11pm) --> Botanical Garden | E59: Activity | F59: 30min transit | G59: =1400*2 -> 2800 | H59: 42000 | I59: =Korea!$H59*0.001 -> 42 | K59: =Korea!$J59*0.001 -> 0 | L59: 21,000 won/adult for the Namsan Tower
A60: =$A$8+3 -> 4 | B60: =B59 -> #VALUE! | C60: 0.625 | D60: Explore Namdaemun Market (9am-5:30pm, Closed Sundays) | E60: Activity | F60: 32min walk | H60: 10000 | I60: =Korea!$H60*0.001 -> 10 | K60: =Korea!$J60*0.001 -> 0
A61: =$A$8+3 -> 4 | B61: =B60 -> #VALUE! | C61: 0.66666667 | I61: =Korea!$H61*0.001 -> 0 | K61: =Korea!$J61*0.001 -> 0
A62: =$A$8+3 -> 4 | B62: =B61 -> #VALUE! | C62: 0.70833333 | D62: Wander Hongdae | E62: Activity | F62: 26min transit | G62: =1200*2 -> 2400 | H62: 0 | I62: =Korea!$H62*0.001 -> 0 | K62: =Korea!$J62*0.001 -> 0
A63: =$A$8+3 -> 4 | B63: =B62 -> #VALUE! | C63: 0.75 | D63: Dinner in Hongdae (Korean BBQ + Beer at Doma 도마 4pm-12:30am, Closed Mon) | E63: Food | H63: 80000 | I63: =Korea!$H63*0.001 -> 80 | K63: =Korea!$J63*0.001 -> 0
A64: =$A$8+3 -> 4 | B64: =B63 -> #VALUE! | C64: 0.79166667 | I64: =Korea!$H64*0.001 -> 0 | K64: =Korea!$J64*0.001 -> 0
A65: =$A$8+3 -> 4 | B65: =B64 -> #VALUE! | C65: 0.83333333 | D65: The Painters Myungbo Art Hall Show 8pm | E65: Activity | F65: 30min transit | G65: =1250*2 -> 2500 | H65: =50000*2 -> 100000 | I65: =Korea!$H65*0.001 -> 100 | K65: 0 | L65: https://www.thepainters.co.kr/en
A66: 4 | B66: =B65 -> #VALUE! | C66: 0.875 | D66: 24/7 Ramyeon (Post show snack) | E66: Food | F66: 11min walk | H66: 10000 | I66: =Korea!$H66*0.001 -> 10 | K66: 0
A67: =$A$8+3 -> 4 | B67: =B65 -> #VALUE! | C67: 0.91666667 | D67: Hotel/Airbnb (Seoul) | E67: Accomodation | F67: 30min transit | G67: =1250*2 -> 2500 | H67: 140000 | I67: =Korea!$H67*0.001 -> 140 | K67: 0 | L67: Le Seoul Hotel 르서울호텔 - 56 Namdaemun-ro 1-gil, Jung-gu, Seoul, 04526 South Korea
A68: =$A$8+3 -> 4 | B68: =B67 -> #VALUE! | C68: 0.95833333 | I68: =Korea!$H68*0.001 -> 0 | K68: =Korea!$J68*0.001 -> 0
A69: =$A$8+4 -> 5 | B69: =B53+1 -> #VALUE! | C69: 0.33333333 | D69: Breakfast Convenience Store (GS25 or 7-Eleven or CU) | E69: Food | F69: 2min walk | H69: 10000 | I69: =Korea!$H69*0.001 -> 10 | K69: =Korea!$J69*0.001 -> 0
A70: =$A$8+4 -> 5 | B70: =B69 -> #VALUE! | C70: 0.375 | D70: Check-out Hotel in Seoul | E70: Accomodation | H70: 0 | I70: =Korea!$H70*0.001 -> 0 | K70: =Korea!$J70*0.001 -> 0
A71: =$A$8+4 -> 5 | B71: =B70 -> #VALUE! | C71: 0.41666667 | D71: Train Hoegi station to Namchuncheon Station (or Intercity Bus) | E71: Travel | F71: 2hour transit | G71: =(1350+1550)*2 -> 5800 | H71: 0 | I71: =Korea!$H71*0.001 -> 0 | K71: =Korea!$J71*0.001 -> 0 | L71: Intercity Bus is 8200won/person and must be bought at station; https://txbuse.t-money.co.kr/
A72: =$A$8+4 -> 5 | B72: =B71 -> #VALUE! | C72: 0.45833333 | D72: Drop bags at Hotel in Chuncheon | E72: Accomodation | F72: 15min transit | G72: =1550*2 -> 3100 | H72: 0 | I72: =Korea!$H72*0.001 -> 0 | K72: =Korea!$J72*0.001 -> 0 | L72: Chuncheon City Bus Tour: https://packagekorea.com/info_chuncheon-city-tour-bus/
A73: =$A$8+4 -> 5 | B73: =B72 -> #VALUE! | C73: 0.5 | D73: Lunch Daejin Saengohjingeobu Iguyi 대진식당 (6am-4pm) - Banchan Restaurant | E73: Food | F73: 10min walk | H73: 20000 | I73: =Korea!$H73*0.001 -> 20 | K73: =Korea!$J73*0.001 -> 0
A74: =$A$8+4 -> 5 | B74: =B73 -> #VALUE! | C74: 0.54166667 | D74: Chuncheon Samaksan Mountain Cable Car (9am-6pm) (Boardwalk Loop to Skywalk Observatory 25mins walk) | E74: Activity | F74: 12min transit or 35min walk | G74: =1550*2 -> 3100 | H74: =23000*2 -> 46000 | I74: =Korea!$H74*0.001 -> 46 | K74: =Korea!$J74*0.001 -> 0 | L74: 23000won/person round-trip; Views of Uiamho Lake and Bukhan River
A75: =$A$8+4 -> 5 | B75: =B74 -> #VALUE! | C75: 0.58333333 | I75: =Korea!$H75*0.001 -> 0 | K75: =Korea!$J75*0.001 -> 0
A76: =$A$8+4 -> 5 | B76: =B75 -> #VALUE! | C76: 0.625 | D76: Taxi to Ganchon Rail Park at 2:45pm | E76: Activity | F76: 11min taxi | H76: 10000 | I76: =Korea!$H76*0.001 -> 10 | K76: =Korea!$J76*0.001 -> 0
A77: 5 | B77: =B76 -> #VALUE! | C77: 0.64583333 | D77: Ganchon Rail Park (9am-5:30pm) - Make reservations ahead of time | E77: Activity | H77: 43000 | I77: =Korea!$H77*0.001 -> 43 | K77: =Korea!$J77*0.001 -> 0 | L77: https://www.railpark.co.kr/index_.php; https://www.klook.com/activity/6900-gangchon-rail-bike-gangwon-do/?gclid=CjwKCAjw3oqoBhAjEiwA_UaLtgho3HSVQ_TEQZkcePHThx-fIp4IE8yKJG_ccU_mf1IRb9u5-eeERhoC_7sQAvD_BwE&gclsrc=aw.ds
A78: =$A$8+4 -> 5 | B78: =B76 -> #VALUE! | C78: 0.66666667 | I78: =Korea!$H78*0.001 -> 0 | K78: =Korea!$J78*0.001 -> 0
A79: =$A$8+4 -> 5 | B79: =B78 -> #VALUE! | C79: 0.70833333 | I79: =Korea!$H79*0.001 -> 0 | K79: =Korea!$J79*0.001 -> 0
A80: =$A$8+4 -> 5 | B80: =B79 -> #VALUE! | C80: 0.75 | D80: Dinner Korean Dakgalbi - 춘천명물닭갈비 (Chuncheonmyeongmul Chicken Rib) (11am-9:30pm, Closed Tuesdays) | E80: Food | F80: 32min transit | G80: =1550*2 -> 3100 | H80: 35000 | I80: =Korea!$H80*0.001 -> 35 | K80: =Korea!$J80*0.001 -> 0
A81: =$A$8+4 -> 5 | B81: =B80 -> #VALUE! | C81: 0.79166667 | D81: Jjimjilbang 나무향기한증막 (11am-10pm, Closed Weds-Thurs) - Make Reservations | E81: Activity | F81: 5min walk | H81: =10000*2 -> 20000 | I81: =Korea!$H81*0.001 -> 20 | K81: =Korea!$J81*0.001 -> 0 | L81: 10000won/person for 3hours; namoosauna.modoo.at
A82: =$A$8+4 -> 5 | B82: =B81 -> #VALUE! | C82: 0.83333333 | I82: =Korea!$H82*0.001 -> 0 | K82: =Korea!$J82*0.001 -> 0
A83: =$A$8+4 -> 5 | B83: =B82 -> #VALUE! | C83: 0.875 | D83: Hotel/Airbnb (Chuncheon) | E83: Accomodation | F83: 11min walk | H83: 110000 | I83: =Korea!$H83*0.001 -> 110 | K83: =Korea!$J83*0.001 -> 0 | L83: Sangsangmadang Chuncheon Stay Hotel - 22, Sports town-gil 399beon-gil, Chuncheon, Gangwon, 200-200 South Korea
A84: =$A$8+4 -> 5 | B84: =B83 -> #VALUE! | C84: 0.91666667 | E84: Travel | I84: =Korea!$H84*0.001 -> 0 | K84: =Korea!$J84*0.001 -> 0
A85: =$A$8+5 -> 6 | B85: =B69+1 -> #VALUE! | C85: 0.33333333 | D85: Breakfast Convenience Store (GS25 or 7-Eleven or CU) or Dancing Caffeine (9am-9pm) | E85: Food | F85: 2min walk | H85: 10000 | I85: =Korea!$H85*0.001 -> 10 | K85: =Korea!$J85*0.001 -> 0
A86: =$A$8+5 -> 6 | B86: =B85 -> #VALUE! | C86: 0.375 | D86: Taxi to Namchuncheon Station | E86: Travel | F86: 10min taxi | H86: 10000 | I86: =Korea!$H86*0.001 -> 10 | K86: =Korea!$J86*0.001 -> 0 | L86: Taxi to Namchuncheon Station
A87: =$A$8+5 -> 6 | B87: =B86 -> #VALUE! | C87: 0.41666667 | D87: Namchuncheon Station to Seoul Station (Leave Bags at Lockers in Seoul Station) | E87: Travel | F87: 2hour transit | G87: =3100*2 -> 6200 | H87: 5000 | I87: =Korea!$H87*0.001 -> 5 | K87: =Korea!$J87*0.001 -> 0
A88: =$A$8+5 -> 6 | B88: =B87 -> #VALUE! | C88: 0.45833333 | D88: Lunch at Yuzu Fine Ramen (11am-3pm, 5-9pm, Closed Mon) or Myeongdong Kyoja (10:30am-8:30pm) (Chopped Noodles x 1, Mandu x 1) OR Banquet Noodle Restaurant (이조식당) (7am-7pm, 7am-3pm Sun) | E88: Food | F88: 8min walk | H88: 25000 | I88: =Korea!$H88*0.001 -> 25 | K88: =Korea!$J88*0.001 -> 0
A89: =$A$8+5 -> 6 | B89: =B88 -> #VALUE! | C89: 0.5 | D89: Options in case free time by Seoul Station: Seosomun Shrine History Museum and Seoullu 7017 | E89: Activity | H89: 0 | I89: =Korea!$H89*0.001 -> 0 | K89: =Korea!$J89*0.001 -> 0
A90: =$A$8+5 -> 6 | B90: =B89 -> #VALUE! | C90: 0.54166667 | I90: =Korea!$H90*0.001 -> 0 | K90: =Korea!$J90*0.001 -> 0
A91: =$A$8+5 -> 6 | B91: =B90 -> #VALUE! | C91: 0.58333333 | D91: Train Seoul Station to Gyeongju (Singyeongju Station) (Train Booked at 1:57pm; arrive 4:05pm) | E91: Travel | H91: =49300*2 -> 98600 | I91: =Korea!$H91*0.001 -> 98.6 | K91: =Korea!$J91*0.001 -> 0 | L91: https://www.letskorail.com/ebizbf/EbizBfTicketSearch.do
A92: =$A$8+5 -> 6 | B92: =B91 -> #VALUE! | C92: 0.625 | I92: =Korea!$H92*0.001 -> 0 | K92: =Korea!$J92*0.001 -> 0
A93: =$A$8+5 -> 6 | B93: =B92 -> #VALUE! | C93: 0.66666667 | D93: Check-in at Hotel | E93: Accomodation | F93: 25min transit | G93: =1250*2 -> 2500 | I93: =Korea!$H93*0.001 -> 0 | K93: =Korea!$J93*0.001 -> 0
A94: =$A$8+5 -> 6 | B94: =B93 -> #VALUE! | C94: 0.70833333 | D94: Daereungwon Tomb Complex (9am-10pm) | E94: Activity | F94: 16min walk | H94: 0 | I94: =Korea!$H94*0.001 -> 0 | K94: =Korea!$J94*0.001 -> 0 | L94: Daereungwon Tomb Free; 3000won/person for Cheonmachong Tomb
A95: =$A$8+5 -> 6 | B95: =B94 -> #VALUE! | C95: 0.75 | D95: Dinner at Hwangnam Gyeongju Sikdang (11:30am-3pm, 5-10pm, Closed Wednesday) | E95: Food | F95: 18min walk | H95: 50000 | I95: =Korea!$H95*0.001 -> 50 | K95: =Korea!$J95*0.001 -> 0
A96: =$A$8+5 -> 6 | B96: =B95 -> #VALUE! | C96: 0.79166667 | D96: Wander Hwangnidan-Gil (Street Food - 10cent bread, Gyeongju Bread, Corn Ice Cream) | E96: Activity | H96: 10000 | I96: =Korea!$H96*0.001 -> 10 | K96: =Korea!$J96*0.001 -> 0
A97: =$A$8+5 -> 6 | B97: =B96 -> #VALUE! | C97: 0.83333333 | D97: Foot massage | E97: Activity | H97: 20000 | I97: =Korea!$H97*0.001 -> 20 | K97: =Korea!$J97*0.001 -> 0
A98: =$A$8+5 -> 6 | B98: =B97 -> #VALUE! | C98: 0.875 | D98: Hotel/Airbnb (Gyeonju) | E98: Accomodation | F98: 22min walk | H98: 95000 | I98: =Korea!$H98*0.001 -> 95 | K98: =Korea!$J98*0.001 -> 0 | L98: Gyeongju Hwangnamkwan Hanok Hotel - 1038, Poseok-ro, Gyeongju, North Gyeongsang, 780-080, South Korea
A99: =$A$8+5 -> 6 | B99: =B98 -> #VALUE! | C99: 0.91666667 | D99: Transit | E99: Travel | H99: 0 | I99: =Korea!$H99*0.001 -> 0 | K99: =Korea!$J99*0.001 -> 0
A100: =$A$8+6 -> 7 | B100: =B85+1 -> #VALUE! | C100: 0.33333333 | D100: Breakfast Convenience Store (GS25 or 7-Eleven or CU) | E100: Food | H100: 10000 | I100: =Korea!$H100*0.001 -> 10 | K100: =Korea!$J100*0.001 -> 0
...

Sheet Pivot Table 1
A2: South Korea
B3: Category | C3: SUM of Budget Cost ($CAD) | D3: SUM of Actual Cost ($CAD) | F3: Day | G3: Sum of Budget Cost ($CAD) | H3: Sum of Actual Cost ($CAD)
B4: Accomodation | C4: 1480 | D4: 0 | F4: 1 | G4: 3555 | H4: 0
B5: Activity | C5: 671 | D5: 0 | F5: 2 | G5: 256 | H5: 0
B6: Food | C6: 1276.3 | D6: 0 | F6: 3 | G6: 275 | H6: 0
B7: Travel | C7: 4090.2 | D7: 0 | F7: 4 | G7: 432 | H7: 0
B8: (blank) | C8: 0 | D8: 0 | F8: 5 | G8: 294 | H8: 0
B9: Grand Total | C9: 7517.5 | D9: 0 | F9: 6 | G9: 323.6 | H9: 0
F10: 7 | G10: 213 | H10: 0
F11: 8 | G11: 306 | H11: 0
F12: 9 | G12: 245 | H12: 0
F13: 10 | G13: 226 | H13: 0
F14: 11 | G14: 305 | H14: 0
F15: 12 | G15: 260.6 | H15: 0
F16: 13 | G16: 208.3 | H16: 0
F17: 14 | G17: 202 | H17: 0
F18: 15 | G18: 374 | H18: 0
F19: 16 | G19: 42 | H19: 0
F20: Grand Total | G20: 7517.5 | H20: 0
